 Dungeon Crawl Stone Soup version 0.32-a0-422-g28b100f618 (webtiles) character file.

Game seed: 17441243162602585259

182 Highcell the Trooper (level 5, -2/51 HPs)
             Began as a Mountain Dwarf Fighter on Feb 22, 2024.
             Slain by Grinder (3 damage)
             ... on level 3 of the Dungeon.
             The game lasted 00:08:19 (1880 turns).

Highcell the Trooper (Mountain Dwarf Fighter)       Turns: 1880, Time: 00:08:19

Health: -2/51      AC:  6    Str: 20    XL:     5   Next: 35%
Magic:  5/5        EV:  9    Int:  9    God:
Gold:   67         SH:  4    Dex:  9    Spells: 4/4 levels left

rFire   . . .        a - +0 war axe
rCold   . . .        c - +0 buckler
rNeg    + . .        b - +0 scale mail
rPois   .            (no helmet)
rElec   .            (no cloak)
rCorr   .            (no gloves)
SInv    .            (no boots)
Will    .....        (no amulet) Stlth
                     h - ring of positive energy
HPRegen 0.28/turn    (no ring)
MPRegen 0.09/turn

%: no passive effects
@: hasted, very quick
A: runic magic, artefact enchanting
a: no special abilities


You were on level 3 of the Dungeon.
You visited 1 branch of the dungeon, and saw 3 of its levels.

You collected 67 gold pieces.

Inventory:

Hand Weapons
 a - a +0 war axe (weapon)
Armour
 b - a +0 scale mail (worn)
 c - a +0 buckler (worn)
Jewellery
 h - a ring of positive energy (left hand)
 m - a ring of fire
Scrolls
 g - a scroll of teleportation {unknown}
 k - 2 scrolls of identify {unknown}
 l - a scroll of poison {unknown}
 n - a scroll of brand weapon {unknown}
Potions
 e - a potion of heal wounds {unknown}
 f - a potion of curing {unknown}
 i - a potion of haste
 j - a potion of invisibility {unknown}
 o - a potion of brilliance {unknown}


   Skills:
 + Level 6.7 Fighting
 - Level 2.4 Axes
 - Level 3.2 Armour
 - Level 3.2 Shields


You had 4 spell levels left.
You didn't know any spells.
Your spell library was empty.

Dungeon Overview and Level Annotations

Branches:
Dungeon (3/15)

Altars:

Annotations:
D:3 Grinder


Innate Abilities, Weirdness & Mutations

Your spellcasting is much less encumbered by armour.
You can use scrolls of enchantment on lesser artefacts.


Message History

Grinder hits you.
You writhe in agony.
You hit Grinder but do no damage.
Grinder is heavily wounded.
Grinder hits you but does no damage. Grinder gestures at you.
Pain shoots through your body!
You slash Grinder!
Grinder is almost dead.
Grinder hits you but does no damage.
You barely miss Grinder.
Grinder is almost dead.
Grinder gestures at you.
You suddenly lose the ability to move!
Grinder zaps a wand.
The puff of flame hits you. Grinder hits you.
You writhe in agony.
Grinder zaps a wand.
The puff of flame hits you!
* * * LOW HITPOINT WARNING * * *
You can move again.
You barely miss Grinder.
Grinder is almost dead.
Grinder zaps a wand.
The puff of flame misses you. Grinder gestures at you.
Pain shoots through your body!
* * * LOW HITPOINT WARNING * * *
Unknown command.
h - a ring of positive energy (left hand) It was a potion of haste.
You feel yourself speed up.
Grinder zaps a wand.
The puff of flame hits you.
* * * LOW HITPOINT WARNING * * *
You closely miss Grinder.
Grinder is almost dead.
Grinder barely misses you.
You barely miss Grinder.
Grinder is almost dead.
Grinder zaps a wand.
The puff of flame misses you.
You hit Grinder but do no damage.
Grinder is almost dead.
Grinder hits you.
You die...
Grinder sighs, "Dead already?
I want a refund."

## . .# ### ### .#
#.....#..# #.
#.#.#.#..###.
#..#.#...5......
#..#.# #@# #..#.#
#.# #..#.###.##
#..†......#.
######...........#
.........######..#
##.......# ..#
#.......# .#
#...<...# #


You could see Grinder.

Vanquished Creatures
  A bombardier beetle (D:2)
  Natasha (thrice) (D:2)
  A dart slug (D:2)
  A ribbon worm (D:2)
  2 ball pythons
  7 endoplasms
  5 giant cockroaches
  2 goblins
  2 hobgoblins (D:2)
  3 kobolds (D:1)
  A quokka (D:2)
  4 bats
  4 frilled lizards
  6 rats (D:1)
42 creatures vanquished.

Notes
Turn   | Place    | Note
-------+----------+-------------------------------------------
     0 | D:1      | Highcell the Mountain Dwarf Fighter began the quest for the
                  | Orb.
     0 | D:1      | Reached XP level 1. HP: 19/19 MP: 1/1
   123 | D:1      | Reached skill level 4 in Fighting
   123 | D:1      | Reached XP level 2. HP: 24/27 MP: 2/2
   406 | D:1      | Reached XP level 3. HP: 34/34 MP: 3/3
   712 | D:2      | Noticed Natasha
   719 | D:2      | HP: 1/35 [Natasha (2)]
   720 | D:2      | Killed Natasha
   721 | D:2      | Reached skill level 5 in Fighting
   866 | D:2      | Reached XP level 4. HP: 38/44 MP: 4/4
  1008 | D:2      | Reached skill level 6 in Fighting
  1096 | D:2      | Noticed Natasha
  1102 | D:2      | Killed Natasha
  1133 | D:2      | Reached XP level 5. HP: 47/51 MP: 5/5
  1674 | D:2      | Noticed Natasha
  1691 | D:2      | Killed Natasha
  1863 | D:3      | Noticed Grinder
  1871 | D:3      | Paralysed by Grinder for 4 turns
  1875 | D:3      | HP: 1/51 [Grinder/nerve-wracking pain (6)]
  1880 | D:3      | Slain by Grinder

Illustrated notes

Levels and vault maps discovered:
D:1:      evilmike_arrival_crescent, layout_basic, serial_corexii_hall,
          chequers_hall_statues_wall_a, chequers_hall_statues_wall_a,
          minmay_cut_off
D:2:      layout_loops_corners, uniq_natasha
D:3:      layout_basic, mainiacjoe_overflow_catch_the_wave,
          gup_sewer_entry_bubbles, uniq_grinder

Skill      XL: |  1  2  3  4 |
---------------+-------------+-----
Fighting       | 4 5 6 |  6.7
Axes           | |  2.4
Armour         | |  3.2
Shields        | |  3.2

Action                     |  1- 3 |  4- 6 || total
---------------------------+-------+-------++-------
  Melee: War axe           |    71 |    72 ||   143
    Use: Potion            |       |     2 ||     2
 Armour: Scale mail        |    68 |    57 ||   125
  Dodge: Dodged            |    36 |    31 ||    67
  Block: Buckler           |     8 |    15 ||    23

Table legend: (Time is in decaauts)
 A = Elapsed time spent in this place.
 B = Non-inter-level travel time spent in this place.
 C = Inter-level travel time spent in this place.
 D = Time resting spent in this place.
 E = Time spent auto-exploring this place.
 F = Levels seen in this place.
 G = Mean time per level.
                   A        B        C        D        E       F      G
               +--------+--------+--------+--------+--------+-----+--------+
         Total |   1959 |   1944 |     15 |    296 |   1253 |   3 |  653.0 |
       Dungeon |   1959 |   1944 |     15 |    296 |   1253 |   3 |  653.0 |
               +--------+--------+--------+--------+--------+-----+--------+

Top non-repeatable levels by time:
     D:2: 1217 daAuts
     D:1: 705 daAuts
     D:3: 36 daAuts
